 Dungeon Crawl Stone Soup version 0.31-a0-986-g5e6e4ef867 (webtiles) character file.

Game seed: 159640465303028874

560812 hikkokomori the Slayer (level 26, -5/141 HPs)
             Began as a Gargoyle Venom Mage on Nov 8, 2023.
             Was an Initiate of Gozag.
             Slain by a green draconian monk (27 damage)
             ... led by a white draconian stormcaller
             ... on level 5 of the Realm of Zot.
             The game lasted 03:52:36 (66293 turns).

hikkokomori the Slayer (Gargoyle Venom Mage)       Turns: 66293, Time: 03:52:37

Health: -5/141     AC: 51    Str: 27 (28) XL:     26   Next: 63%
Magic:  29/40      EV: 20    Int: 29      God:    Gozag
Gold:   4253       SH: 14    Dex:  4      Spells: 11/61 levels left

rFire   + + .        q - +7 sceptre of Torment {pain, torment}
rCold   x . .        f - +3 kite shield {reflect}
rNeg    + . .        c - +7 fire dragon scales of Qadetow {rPois rF++ rC- Int+4 Dex-4 Slay+5}
rPois   ∞            k - +2 helmet {SInv}
rElec   +            I - +1 cloak of Starlight {*Dazzle EV+4 Stlth--}
rCorr   .            y - +0 pair of gloves {Dex+3}
SInv    +            R - +2 pair of boots of Apathy {Str+8}
Will    +....        S - amulet of magic regeneration
Stlth   x              - ring "Coakaas" {Wiz +Blink Str+5 Dex-5 Slay+4}
HPRegen 0.43/turn    A - +5 ring of evasion
MPRegen 0.67/turn

%: reflection, wizardry (x1)
@: gold aura, on berserk cooldown, flying, slowed, studying Unarmed Combat, very
slow
A: sickness immunity, AC +20, big wings, negative energy resistance 1,
electricity resistance, torment resistance 1, petrification resistance,
deterioration 2, frail 2, low MP 1, mutation resistance 1, screaming 2
}: 3/15 runes: barnacled, silver, gossamer
a: Renounce Religion, Evoke Blink, Potion Petition, Call Merchant, Bribe Branch


You were on level 5 of the Realm of Zot.
You worshipped Gozag.
Gozag was most pleased with you.
You visited 10 branches of the dungeon, and saw 48 of its levels.
You visited the Abyss 1 time.
You visited 1 bazaar.
You also visited: Ossuary and Gauntlet.

You collected 26113 gold pieces.
You spent 7520 gold pieces at shops.
You paid 14340 gold pieces to Gozag.

Inventory:

Hand Weapons
 q - the +7 sceptre of Torment (weapon) {pain, torment}
   (You found it on level 3 of the Depths)
 v - a +9 demon whip of venom
Missiles
 C - 5 throwing nets
Armour
 c - the +7 fire dragon scales of Qadetow (worn) {rPois rF++ rC- Int+4 Dex-4 Slay+5}
   (You bought it in a shop on level 2 of the Realm of Zot)

   Int+4:     It affects your intelligence (+4).
   Dex-4:     It affects your dexterity (-4).
   Slay+5:    It affects your accuracy & damage with ranged weapons and melee
   (+5).
   rF++:      It greatly protects you from fire.
   rC-:       It makes you vulnerable to cold.
   rPois:     It protects you from poison
 f - a +3 kite shield of reflection (worn)
 k - a +2 helmet of see invisible (worn)
 p - the +11 chain mail of the Monkey's Uncle {Regen+ Str+5}
   (You bought it in a shop on level 1 of the Orcish Mines)

   Str+5:     It affects your strength (+5).
   Regen+:    It increases your rate of health regeneration.
 y - a +0 pair of gloves of dexterity (worn)
 I - the +1 cloak of Starlight (worn) {*Dazzle EV+4 Stlth--}
   (You acquired it on level 2 of the Vaults)

   *Dazzle:   It may blind those who miss an attack against the wearer in melee
   combat.
   EV+4:      It affects your evasion (+4).
   Stlth--:   It makes you much less stealthy.
 R - the +2 pair of boots of Apathy (worn) {Str+8}
   (You found it on level 4 of the Vaults)

   Str+8:     It affects your strength (+8).
Jewellery
 t - the amulet "Tubo" {Acrobat rPois Dex+5}
   (You found it on level 3 of the Realm of Zot)

   [amulet of the acrobat]

   Acrobat:   It increases your evasion while moving and waiting.
   Dex+5:     It affects your dexterity (+5).
   rPois:     It protects you from poison
 u - the amulet "Imivoratai" {Spirit Rampage rPois}
   (You found it on level 5 of the Realm of Zot)

   [amulet of guardian spirit]

   Spirit:    It causes incoming damage to be divided between your reserves of
   health and magic.
   rPois:     It protects you from poison Rampage: It bestows one free step when
   moving towards enemies.
 x - the ring "Coakaas" (left hand) {Wiz +Blink Str+5 Dex-5 Slay+4}
   (You found it in a Gauntlet)

   [ring of wizardry]

   Wiz:       It improves your spell success rate.
   Str+5:     It affects your strength (+5).
   Dex-5:     It affects your dexterity (-5).
   Slay+4:    It affects your accuracy & damage with ranged weapons and melee
   (+4).
   +Blink:    It lets you blink.
 A - a +5 ring of evasion (right hand)
 H - the ring of the Tortoise {AC+8}
   (You bought it in a shop on level 4 of the Lair of Beasts)

   [ring of protection]

   AC+8:      It affects your AC (+8).
 P - the ring "Iptacenn" {rF+ MP+9 Str+2}
   (You found it in a Gauntlet)

   [ring of protection from fire]

   Str+2:     It affects your strength (+2).
   rF+:       It protects you from fire.
   MP+9:      It affects your magic capacity (+9).
 S - an amulet of magic regeneration (around neck)
 Y - the amulet "Vedim" {Acrobat Stlth+}
   (You found it on level 4 of the Vaults)

   [amulet of the acrobat]

   Acrobat:   It increases your evasion while moving and waiting.
   Stlth+:    It makes you more stealthy.
Wands
 B - a wand of digging (23)
 G - a wand of charming (55)
 K - a wand of roots (77)
 M - a wand of quicksilver (27)
 T - a wand of mindburst (13)
Scrolls
 j - 6 scrolls of blinking
 l - 6 scrolls of fog
 m - 3 scrolls of summoning
 r - 11 scrolls of teleportation
 D - 4 scrolls of revelation
 F - 7 scrolls of amnesia
 N - 2 scrolls of fear
 U - 5 scrolls of poison
Potions
 a - 3 potions of cancellation
 b - 5 potions of invisibility
 e - 2 potions of mutation
 h - 6 potions of brilliance
 i - 9 potions of attraction
 n - 3 potions of berserk rage
 o - 4 potions of haste
 s - 4 potions of enlightenment
 w - 16 potions of curing
 z - 2 potions of resistance
 J - 2 potions of ambrosia
 L - 4 potions of heal wounds
 O - 6 potions of might
 Q - a potion of magic
 V - 7 potions of lignification
Miscellaneous
 d - a phial of floods
 g - a lightning rod (4/4)
 E - a tin of tremorstones (2/2)
 W - a phantom mirror


   Skills:
 + Level 21.5 Fighting
 - Level 16.0 Maces & Flails
 + Level 13.7 Armour
 - Level 10.4 Dodging
 - Level 10.3 Stealth
 - Level 16.1 Shields
 + Level 18.2 Spellcasting
 + Level 18.0 Conjurations
 + Level 8.4 Summonings
 - Level 8.4 Necromancy
 - Level 1.7 Transmutations
 + Level 11.8 Fire Magic
 - Level 8.2 Ice Magic
 - Level 5.8 Air Magic
 - Level 10.7 Earth Magic
 - Level 8.0 Poison Magic
 - Level 1.7 Evocations


You had 11 spell levels left.
You knew the following spells:

 Your Spells              Type           Power      Damage    Failure   Level
a - Orb of Destruction    Conj           46%        9d12      1%          7
b - Mephitic Cloud        Conj/Pois/Air  73%        N/A       1%          3
c - Olgreb's Toxic Radia  Pois           64%        N/A       1%          4
d - Ignite Poison         Fire/Tmut/Pois 62%        N/A       1%          3
e - Freezing Cloud        Conj/Ice/Air   36%        6-21      1%          5
f - Borgnjor's Vile Clut  Necr/Erth      35%        N/A       1%          5
g - Bombard               Conj/Erth      41%        9d7       1%          6
h - Animate Armour        Summ/Erth      100%       N/A       1%          4
i - Spellforged Servitor  Conj/Summ      40%        N/A       7%          7
j - Starburst             Conj/Fire      42%        6d12      1%          6

Your spell library contained the following spells:

 Spells                   Type           Power      Damage    Failure   Level
 Foxfire                  Conj/Fire      100%       2x1d9     0%          1
 Kiss of Death            Conj/Necr      100%       2d13      0%          1
 Apportation              Tloc           52%        N/A       1%          1
 Necrotise                Necr           100%       1d9       1%          1
 Sandblast                Erth           100%       2d20      1%          1
 Sting                    Tmut/Pois      100%       1d8       1%          1
 Summon Small Mammal      Summ           100%       N/A       1%          1
 Ensorcelled Hibernation  Hex/Ice        100%       N/A       1%          2
 Momentum Strike          Conj/Tloc      100%       3d10      1%          2
 Passwall                 Tmut/Erth      48%        N/A       1%          2
 Poisonous Vapours        Pois/Air       100%       N/A       1%          2
 Scorch                   Fire           100%       2d9       1%          2
 Static Discharge         Conj/Air       100%       3-8/arc   1%          2
 Wereblood                Tmut           36%        N/A       1%          2
 Hailstorm                Conj/Ice       80%        3d16      1%          3
 Inner Flame              Hex/Fire       57%        N/A       1%          3
 Ozocubu's Armour         Ice            65%        N/A       1%          3
 Summon Guardian Golem    Hex/Summ       50%        N/A       1%          3
 Vampiric Draining        Necr           66%        2d10      1%          3
 Volatile Blastmotes      Fire/Tloc      100%       2d18      1%          3
 Airstrike                Air            28%        2d(5-21)  1%          4
 Brom's Barrelling Bould  Conj/Erth      83%        2d9       1%          4
 Dispel Undead            Necr           66%        3d23      1%          4
 Flame Wave               Conj/Fire      85%        2d18      1%          4
 Fulminant Prism          Conj/Hex       34%        3d15      1%          4
 Iskenderun's Mystic Bla  Conj/Tloc      68%        2d14      1%          4
 Leda's Liquefaction      Hex/Erth       27%        N/A       1%          4
 Petrify                  Tmut/Erth      58%        N/A       1%          4
 Sticky Flame             Conj/Fire      85%        2d10      1%          4
 Summon Ice Beast         Ice/Summ       65%        N/A       1%          4
 Summon Lightning Spire   Summ/Air       61%        N/A       1%          4
 Agony                    Necr           66%        N/A       1%          5
 Fireball                 Conj/Fire      42%        3d17      1%          5
 Irradiate                Conj/Tmut      35%        3d23      1%          5
 Iskenderun's Battlesphe  Conj           92%        2d14      1%          5
 Lee's Rapid Deconstruct  Erth           36%        3d18*     1%          5
 Blink                    Tloc           52%        N/A       2%          2
 Jinxbite                 Hex            52%        N/A       2%          2
 Conjure Ball Lightning   Conj/Air       38%        3x3d12    2%          6
 Anguish                  Hex/Necr       25%        N/A       3%          4
 Confusing Touch          Hex            26%        N/A       6%          3
 Tukima's Dance           Hex            26%        N/A       6%          3
 Plasma Beam              Fire/Air       33%        2x1d46    8%          6
 Summon Forest            Summ/Tloc      25%        N/A       9%          5
 Summon Mana Viper        Hex/Summ       50%        N/A       9%          5
 Death Channel            Necr           33%        N/A       9%          6
 Summon Cactus Giant      Summ           33%        N/A       9%          6
 Metabolic Englaciation   Hex/Ice        25%        N/A       10%         5
 Dimensional Bullseye     Hex/Tloc       13%        N/A       17%         4
 Manifold Assault         Tloc           26%        N/A       17%         4
 Passage of Golubria      Tloc           26%        N/A       17%         4
 Yara's Violent Unravell  Hex/Tmut       15%        3d8       32%         5
 Haunt                    Necr/Summ      33%        N/A       41%         7
 Monstrous Menagerie      Summ           33%        N/A       43%         7
 Ozocubu's Refrigeration  Ice            32%        4d14      45%         7
 Infestation              Necr           33%        N/A       97%         8
 Fire Storm               Conj/Fire      42%        8d11      98%         9
 Enfeeble                 Hex            13%        N/A       100%        7
 Shatter                  Erth           36%        3d29*     100%        9
 Cigotuvi's Dreadful Rot  Necr/Pois/Air  Unusable   N/A       N/A         2
 Animate Dead             Necr           Unusable   N/A       N/A         4
 Simulacrum               Ice/Necr       Unusable   N/A       N/A         6

Dungeon Overview and Level Annotations

Branches:
Dungeon (15/15)            Temple (1/1) D:4            Lair (5/5) D:9
 Shoals (4/4) Lair:3       Spider (4/4) Lair:3        Slime (0/5) Lair:4
    Orc (2/2) D:11            Elf (3/3) Orc:2        Vaults (5/5) D:14
  Crypt (0/3) Vaults:2     Depths (4/4) D:15            Zot (5/5) Depths:4
Ossuary (visited)         Gauntlet (visited)

Altars:
Ashenzari
Cheibriados
Dithmenos
Elyvilon
Gozag
Hepliaklqana
Kikubaaqudgha
Makhleb
Nemelex Xobeh
Okawaru
Qazlal
Ru
Sif Muna
Trog
Uskayaw
Vehumet
Wu Jian
Xom
Yredelemnul
Zin
The Shining One
Jiyva

Shops:
D:6 (   D:10 *!   Orc:1 =[   Orc:2 (!(=   Elf:1 (*!   Elf:2 *   Lair:4 *
Shoals:2 :   Spider:1 [   Vaults:4 *?   Vaults:5 !   Zot:2 [   Depths:1 (=
Depths:4 ?

Portals:
Hell: Depths:1 Depths:2 Depths:3 Depths:4
Abyss: Depths:1 Depths:3
Pandemonium: Depths:2
Ziggurat: Depths:2
Trove: D:14 (give +4 ice dragon scales)

Annotations:
D:3 3 runed translucent doors, Dittersdorf's ghost, amateur HuFi
Lair:1 3 runed translucent doors, Dicwisan's ghost, journeyman GrEE


Innate Abilities, Weirdness & Mutations

You are immune to sickness and miasma.
Your stone body is resilient. (AC +20)
You are immune to poison.
Your large and strong wings let you fly.
You resist negative energy. (rN+)
You are resistant to electric shocks. (rElec)
You are resistant to unholy torment.
You are immune to petrification.
Your body often deteriorates upon taking damage.
You are very frail. (-20% HP)
Your magical capacity is low. (-10% MP)
You are somewhat resistant to further mutation.
You frequently scream uncontrollably at your foes.


Message History

Confirm with . or Enter, or press ? or * to list all spells.
Aiming: Borgnjor's Vile Clutch (mildly dangerous; 1% risk of failure)
Press: ? - help, Shift-Dir - straight line, f/p - red draconian
Aim: a red draconian, wielding a +0 short sword (almost dead, very poisoned, 100% to hit)
The green draconian monk is no longer distracted by gold.
Zombie hands grab the green draconian monk.
Zombie hands grab the Orb Guardian.
Zombie hands grab the red draconian.
Zombie hands grab the death drake.
The zombie hands constrict the Orb Guardian.
The zombie hands constrict the green draconian monk!
The zombie hands constrict the red draconian.
You kill the red draconian!
The zombie hands constrict the death drake!
You block the green draconian monk's attack. x2
The green draconian monk tail-slaps you but does no damage. x2
The death drake struggles to escape constriction.
The green draconian monk closely misses you.
You block the green draconian monk's attack.
The green draconian monk tail-slaps you but does no damage.
The green draconian monk completely misses you.
The death drake struggles to escape constriction.
The wind drake flaps its wings at you. The air twists around and strikes you.
The green draconian monk closely misses you.
The green draconian monk is blinded by the light from your cloak!
The green draconian monk kicks you but does no damage.
The green draconian monk tail-slaps you but does no damage.
The green draconian monk completely misses you.
Unknown command.
Unknown command.
You catch the helpless green draconian monk completely off-guard!
You impale the green draconian monk!!
The green draconian monk is severely wounded.
The zombie hands constrict the Orb Guardian!
The zombie hands constrict the green draconian monk!
The zombie hands constrict the death drake.
The death drake struggles to escape constriction.
The green draconian monk hits you!!
You die...
Your body crumbles into a pile of gold.

.... ... k. ## ####.########▓
.# ....q....<... .#
........... .#
###+########........? .#
........@qXkk........
'##########.###.####$........
........# #.....# #.........
........# #####.# #.....<..^
........#######.# #....[....
.....?..'.......# #.........
.....)..######### #.........
..).....# ######+###
........#


You could see a green draconian monk (berserk, blind, clutched), an Orb Guardian
(poisoned, clutched), a death drake (summoned, clutched) and a wind drake
(summoned, repels missiles, poisoned).

Vanquished Creatures
  2 dread liches
  3 orbs of fire (Zot:3)
  2 ancient liches
  Mennas (Vaults:4)
  3 royal mummies (Depths:3)
  2 Killer Klowns (Zot:3)
  3 caustic shrikes (Depths:2)
  Saint Roka (Vaults:4)
  3 curse toes
  Norris (Depths:3)
  10 golden dragons
  5 bone dragons
  2 electric golems
  2 doom hounds (Depths:3)
  11 tentacled monstrosities
  An Orb Guardian (Zot:5)
  Mlioglotl (Spider:2)
  2 deep elf blademasters (Elf:3)
  5 titans
  3 liches
  2 deep elf master archers (Elf:3)
  5 quicksilver dragons
  Grunn (Depths:3)
  6 sphinxes
  An acid blob (Zot:3)
  2 krakens
  Gastronok (Lair:1)
  Polyphemus (Shoals:3)
  2 tentacled starspawn (Abyss:2)
  7 death cobs
  Donald (Spider:3)
  Agnes (Spider:2)
  3 tengu reavers
  3 draconian monks
  7 storm dragons
  9 shadow dragons
  4 fire giants
  3 deep elf elementalists (Elf:3)
  8 frost giants
  11 draconian knights
  2 emperor scorpions
  5 ghost moths
  13 deep elf sorcerers
  10 vault wardens
  4 draconian scorchers
  An orc warlord (Vaults:4)
  15 ironbound preservers
  2 spriggan defenders (Depths:3)
  3 draconian shifters
  3 formless jellyfish
  2 juggernaut zombies
  3 draconian stormcallers (Zot:4)
  2 war gargoyles (Vaults:5)
  10 stone giants
  A curse skull (Zot:2)
  22 very ugly things
  5 ironbound thunderhulks
  12 green draconians
  5 deep elf demonologists
  3 draconian annihilators
  9 black draconians
  9 broodmothers
  Nessos (D:13)
  5 purple draconians
  9 dire elephants
  A lorocyproca (Depths:2)
  Azrael (Orc:1)
  9 white draconians
  10 red draconians
  9 deep elf annihilators
  3 spark wasps
  A minotaur (Gauntlet)
  19 yellow draconians
  5 deep elf death magi
  3 merfolk javelineers
  5 fire dragons
  9 merfolk impalers
  Josephine (Lair:3)
  8 ettins
  9 entropy weavers
  4 crystal guardians (Depths:1)
  2 mummy priests (Depths:3)
  11 deep elf high priests
  11 great orbs of eyes
  24 vault guards (Vaults:5)
  16 yaktaur captains
  2 rakshasas (D:15)
  6 ice dragons
  8 hydras
  A jorogumo (Spider:4)
  A sphinx zombie (Depths:1)
  5 catoblepae
  2 radroaches
  3 spriggan air magi
  15 centaur warriors
  4 merfolk aquamancers
  2 ironbound frosthearts
  5 boulder beetles
  35 dancing weapons
  12 two-headed ogres
  3 merfolk avatars
  Erica (D:8)
  3 alligator snapping turtles
  2 ogre magi (Orc:2)
  A death yak (shapeshifter) (Depths:3)
  3 death scarabs
  7 deep troll shamans
  A shock serpent (shapeshifter) (Vaults:5)
  3 spriggan berserkers
  8 tengu warriors
  5 deep troll earth magi
  6 demonic crawlers
  5 thrashing horrors (Abyss:2)
  An orc high priest (Elf:3)
  11 death yaks
  2 occultists
  23 deep elf knights
  2 vampire magi
  A hell knight (Vaults:5)
  Amaemon (Lair:1)
  Sonja (Orc:2)
  A nameless horror (Zot:2)
  5 soul eaters
  A fire crab (shapeshifter) (D:15)
  9 skysharks
  3 wretched stars (Abyss:2)
  A sixfirhy (Abyss:2)
  A fire crab (Lair:5)
  5 iron trolls
  A sun demon (Depths:2)
  A spectral death yak (Gauntlet)
  3 sun moths
  9 pharaoh ants
  3 skeletal warriors (D:13)
  A titan skeleton (Depths:3)
  A spriggan druid (Depths:2)
  A swamp dragon (Lair:5)
  14 sea snakes
  An orb spider (shapeshifter) (D:13)
  8 arcanists
  A swamp dragon (shapeshifter) (Vaults:5)
  6 glowing orange brains
  8 orb spiders
  7 orc knights
  21 lindwurms
  12 deep elf archers
  20 ironbound convokers
  8 phantasmal warriors
  An obsidian statue (Zot:2)
  2 orange crystal statues
  35 deep elf pyromancers
  7 necromancers
  58 deep trolls
  A tengu skeleton (Depths:3)
  9 steelbarb worms
  A draconian zombie (Zot:2)
  Pikel (D:4)
  23 harpies
  A golden dragon skeleton (Depths:3)
  2 orc sorcerers
  32 ugly things
  32 deep elf zephyrmancers
  A shining eye (shapeshifter) (Depths:1)
  11 cyclopes
  14 manticores
  10 fauns
  2 fire giant zombies (Depths:1)
  A stone giant zombie (Depths:1)
  13 elephants
  5 oklob plants
  15 wolf spiders
  A cyclops (shapeshifter) (Vaults:5)
  2 frost giant zombies (Depths:1)
  9 merfolk sirens
  A fire giant skeleton (Depths:3)
  4 black mambas
  7 water nymphs
  21 moths of wrath
  A stone giant skeleton (Depths:1)
  An apocalypse crab (Abyss:2)
  A gargoyle (D:14)
  19 vault sentinels
  7 torpor snails
  3 smoke demons (Abyss:2)
  An eye of devastation (Depths:2)
  5 rime drakes
  2 orange demons
  15 cane toads
  Psyche (D:9)
  A centaur skeleton (D:15)
  2 efreet
  Maggie (D:9)
  A kobold demonologist (D:11)
  A rime drake (shapeshifter) (D:13)
  2 freezing wraiths
  A golden dragon simulacrum (Depths:1)
  2 ancient zymes (Abyss:2)
  21 yaktaurs
  2 guardian mummies (Zot:2)
  10 komodo dragons
  5 tengu conjurers
  16 trolls
  A meliai (shapeshifter) (D:14)
  15 wind drakes
  A polar bear (shapeshifter) (Elf:3)
  11 meliai
  A queen bee (shapeshifter) (Vaults:4)
  24 merfolk
  2 polar bears
  A tarantella (shapeshifter) (D:15)
  28 tarantellas
  3 hornets
  A shadow dragon simulacrum (Depths:3)
  3 glass eyes
  22 dream sheep
  A raiju (Abyss:2)
  2 large abominations (Abyss:2)
  8 snapping turtles
  29 blink frogs
  A spectral dream sheep (Gauntlet)
  A spectral black mamba (Gauntlet)
  A frost giant simulacrum (Depths:3)
  An ettin skeleton (Abyss:2)
  6 wraiths
  10 air elementals
  24 jumping spiders
  5 vampires
  Sigmund (D:2)
  33 slime creatures
  A shadow (D:11)
  27 water elementals
  4 centaur simulacra (D:15)
  28 yaks
  22 culicivoras
  3 spriggans
  5 basilisks
  7 wyverns
  A basilisk (shapeshifter) (D:14)
  A fire bat (Abyss:2)
  7 fire elementals
  A human (D:14)
  3 golden eyes
  A redback simulacrum (D:15)
  3 steam dragons (D:7)
  6 vampire mosquitoes
  A neqoxec (Abyss:2)
  45 redbacks
  2 acid dragons (D:10)
  A swamp worm (shapeshifter) (Vaults:1)
  4 wargs
  7 water moccasins
  3 hell hounds
  38 orc warriors
  3 ice beasts
  3 black bears
  4 small abominations (Abyss:2)
  2 sky beasts
  3 swamp drakes (Lair:5)
  14 wolves
  10 boggarts
  18 ogres
  4 lemures
  A phantom (D:4)
  A centaur (D:7)
  4 kobold brigands
  11 bullfrogs
  4 gnoll sergeants (D:7)
  3 earth elementals
  3 scorpions
  A scorpion (shapeshifter) (Elf:3)
  9 wights
  A human simulacrum (Depths:3)
  12 killer bees
  6 howler monkeys
  4 electric eels
  22 jellies
  A hound (D:6)
  A quasit (Abyss:2)
  19 orc priests
  An iron imp (Abyss:2)
  6 iguanas
  3 sleepcaps
  Terence (D:2)
  3 gnoll boudas
  31 orc wizards
  6 hell rats (Lair:2)
  23 gnolls
  5 adders
  2 shadow imps
  2 white imps (D:7)
  6 ufetubi
  2 worms (D:2)
  2 dart slugs
  100 orcs
  9 bats
  3 endoplasms
  2 giant cockroaches
  3 goblins (D:1)
  11 hobgoblins
  11 jackals
  4 quokkas
  3 training dummies (Elf:1)
  11 ball pythons
  A ball python skeleton (Ossuary)
  3 frilled lizards
  4 hobgoblin zombies (Ossuary)
  17 kobolds
  3 kobold zombies (Ossuary)
  An orc zombie (Ossuary)
  3 rats
  3 starspawn tentacles (Abyss:2)
  4 tentacles
2154 creatures vanquished.

Vanquished Creatures (collateral kills)
  Jory (Vaults:4)
1 creature vanquished.

Vanquished Creatures (others)
  A dread lich (Zot:2)
  A draconian knight (Zot:4)
  A jelly (Zot:4)
  3 starspawn tentacles (Abyss:2)
  4 tentacles
10 creatures vanquished.

Grand Total: 2165 creatures vanquished

Notes
Turn   | Place    | Note
-------+----------+-------------------------------------------
     0 | D:1      | hikkokomori the Gargoyle Venom Mage began the quest for the
                  | Orb.
     0 | D:1      | Reached XP level 1. HP: 10/10 MP: 3/3
   278 | D:1      | Reached XP level 2. HP: 16/16 MP: 0/5
   362 | D:1      | Reached skill level 1 in Fighting
   675 | D:1      | Reached XP level 3. HP: 20/20 MP: 2/6
  1437 | D:2      | Reached XP level 4. HP: 23/26 MP: 2/7
  1885 | D:2      | Noticed Sigmund
  1891 | D:2      | Learned a level 3 spell: Mephitic Cloud
  1946 | D:2      | Killed Sigmund
  1947 | D:2      | Reached skill level 2 in Fighting
  1947 | D:2      | Reached skill level 1 in Conjurations
  1947 | D:2      | Reached XP level 5. HP: 28/31 MP: 1/9
  1947 | D:2      | Reached XP level 6. HP: 33/36 MP: 1/10
  2118 | D:2      | Noticed Terence
  2128 | D:2      | Killed Terence
  2137 | D:2      | Learned a level 4 spell: Olgreb's Toxic Radiance
  2240 | D:2      | Identified the +0 leather armour of Spite {rF+ Str+3 Dex+2}
  2723 | D:3      | Reached skill level 3 in Fighting
  3429 | D:3      | Reached skill level 5 in Poison Magic
  3635 | D:3      | Found a runed translucent gate.
  3635 | D:3      | Found a runed translucent gate.
  3635 | D:3      | Found a runed translucent gate.
  3639 | D:3      | Noticed Dittersdorf's ghost (amateur HuFi)
  4293 | D:4      | Reached XP level 7. HP: 41/41 MP: 3/12
  4671 | D:4      | Reached skill level 1 in Air Magic
  4814 | D:4      | Found a staircase to the Ecumenical Temple.
  4866 | Temple   | Entered the Ecumenical Temple
  4909 | Temple   | Became a worshipper of Gozag Ym Sagoz the Greedy
  4914 | Temple   | Learned a level 3 spell: Ignite Poison
  4955 | D:5      | Entered Level 5 of the Dungeon
  5113 | D:4      | Noticed Pikel
  5129 | D:4      | Killed Pikel
  5130 | D:4      | Reached skill level 4 in Fighting
  5130 | D:4      | Reached skill level 1 in Transmutations
  5130 | D:4      | Reached skill level 1 in Fire Magic
  5130 | D:4      | Reached XP level 8. HP: 25/48 MP: 1/14
  5685 | D:5      | Reached skill level 5 in Stealth
  5795 | D:5      | Reached skill level 5 in Fighting
  6122 | D:5      | Reached XP level 9. HP: 47/54 MP: 16/16
  6313 | D:6      | Reached skill level 1 in Shields
  6611 | D:6      | Found Aryonk's Weapon Shop.
  6736 | D:7      | Reached skill level 5 in Spellcasting
  6808 | D:7      | Found a sand-covered staircase.
  6888 | Ossuary  | Entered an ossuary
  7302 | Ossuary  | Reached skill level 1 in Maces & Flails
  7379 | Ossuary  | Reached skill level 6 in Fighting
  7898 | D:7      | Found a white marble altar of Elyvilon.
  8054 | D:7      | Reached XP level 10. HP: 61/61 MP: 5/18
  8263 | D:7      | Noticed an arcanist
  8266 | D:7      | Noticed a two-headed ogre
  8270 | D:7      | Killed an arcanist
  8271 | D:7      | Reached skill level 5 in Conjurations
  8277 | D:7      | Killed a two-headed ogre
  8278 | D:7      | Reached skill level 7 in Fighting
  8507 | D:7      | Noticed a brown ugly thing
  8508 | D:7      | Noticed a purple ugly thing
  8515 | D:7      | Killed a purple ugly thing
  8547 | D:6      | Killed a brown ugly thing
  8548 | D:6      | Reached XP level 11. HP: 42/67 MP: 3/21
  8556 | D:6      | Learned a level 5 spell: Freezing Cloud
  9415 | D:8      | Noticed Erica
  9427 | D:8      | Killed Erica
  9428 | D:8      | Reached skill level 1 in Ice Magic
  9551 | D:8      | Found a shimmering blue altar of Sif Muna.
  9551 | D:8      | Found a sacrificial altar of Ru.
 10061 | D:9      | Noticed Maggie
 10061 | D:9      | Noticed Psyche
 10061 | D:9      | Noticed a two-headed ogre
 10168 | D:9      | Reached skill level 8 in Fighting
 10204 | D:9      | Reached skill level 5 in Maces & Flails
 10213 | D:9      | Killed Psyche
 10214 | D:9      | Reached skill level 5 in Air Magic
 10566 | D:9      | Noticed a two-headed ogre
 10572 | D:9      | Killed a two-headed ogre
 10800 | D:9      | Found a staircase to the Lair.
 10823 | D:9      | Killed a two-headed ogre
 10827 | D:9      | Killed Maggie
 10958 | D:9      | Identified the +6 long sword of Tueddil {flame, Will++
                  | Int-5 Dex+2}
 10960 | D:9      | Found a burning altar of Makhleb.
 11273 | D:9      | Identified the +1 mace of the Disbelieving Rat {protect,
                  | rC+ rN+}
 11799 | D:10     | Entered Level 10 of the Dungeon
 12210 | D:10     | Reached XP level 12. HP: 65/75 MP: 13/23
 12299 | D:10     | Found Siloasa's Distillery.
 12907 | D:11     | Reached skill level 9 in Fighting
 13429 | D:11     | Found a staircase to the Orcish Mines.
 13762 | D:13     | Identified the of Iceq
 13762 | Lair:1   | Entered Level 1 of the Lair of Beasts
 13841 | Lair:1   | Noticed an ice dragon
 13852 | Lair:1   | Found a runed translucent gate.
 13852 | Lair:1   | Found a runed translucent gate.
 13852 | Lair:1   | Found a runed translucent gate.
 13886 | Lair:1   | Noticed Gastronok
 13905 | Lair:1   | Killed Gastronok
 14280 | Lair:1   | Noticed Amaemon
 14286 | Lair:1   | Killed Amaemon
 14714 | Lair:1   | Noticed Dicwisan's ghost (journeyman GrEE)
 15023 | Lair:2   | Noticed a four-headed hydra
 15031 | Lair:2   | Killed a four-headed hydra
 15064 | Lair:1   | Reached skill level 5 in Ice Magic
 15326 | Lair:2   | Noticed an eight-headed hydra
 15334 | Lair:2   | Killed an eight-headed hydra
 15503 | Lair:2   | Reached XP level 13. HP: 82/82 MP: 16/25
 15684 | Lair:2   | Reached skill level 10 in Fighting
 16262 | Lair:3   | Noticed Josephine
 16271 | Lair:3   | Killed Josephine
 16292 | Lair:3   | Reached skill level 5 in Shields
 16854 | Lair:3   | Found a staircase to the Shoals.
 17241 | Lair:3   | Found a hole to the Spider Nest.
 17357 | Lair:4   | Gained mutation: Your large and strong wings let you fly.
                  | [Gargoyle growth]
 17357 | Lair:4   | Reached XP level 14. HP: 88/88 MP: 20/27
 17571 | Lair:4   | Reached skill level 11 in Fighting
 17996 | Orc:1    | Entered Level 1 of the Orcish Mines
 17996 | Orc:1    | Found Qenn's Antique Armour Emporium.
 18007 | Orc:1    | Reached skill level 10 in Conjurations
 18227 | Orc:1    | Found a transporter.
 18231 | Orc:1    | Found an ornate altar of the Wu Jian Council.
 18232 | Orc:1    | Found a transporter.
 18384 | Orc:1    | Found a transporter.
 18404 | Orc:1    | Found a transporter.
 18405 | Orc:1    | Found an ornate altar of the Wu Jian Council.
 18405 | Orc:1    | Noticed an orc warlord
 18627 | Orc:1    | an orc warlord changed into a stone giant
 18627 | Orc:1    | Noticed a stone giant
 18633 | Orc:1    | Killed a stone giant
 18721 | Orc:2    | Entered Level 2 of the Orcish Mines
 18747 | Orc:2    | Noticed Azrael
 19037 | Orc:1    | Found a shimmering altar of Xom.
 19230 | Orc:2    | Noticed Sonja
 19233 | Orc:2    | Killed Sonja
 19797 | Orc:2    | Found a staircase to the Elven Halls.
 19797 | Orc:2    | Found Ufir's Weapon Shop.
 19799 | Orc:2    | Found Doampax's Distillery.
 19820 | Orc:2    | Reached skill level 10 in Spellcasting
 19858 | Orc:2    | Found Eshruwku's Antique Weapon Shoppe.
 20029 | Orc:2    | Found Lehaxaed's Jewellery Shop.
 20217 | Orc:1    | Killed Azrael
 20227 | Orc:1    | HP: 3/91 [hell hound/blast of flame[Azrael] (11)]
 20525 | Orc:1    | Bought a warped chain mail for 256 gold pieces
 20525 | Orc:1    | Identified the +11 chain mail of the Monkey's Uncle {Regen+
                  | Str+5} (You bought it in a shop on level 1 of the Orcish
                  | Mines)
 20630 | D:10     | Bought a glowing helmet for 270 gold pieces
 20776 | Lair:4   | Bought the ring of the Tortoise {AC+8} for 1792 gold pieces
 20776 | Lair:4   | Found the ring of the Tortoise {AC+8}
 20899 | Lair:4   | Found a viscous altar of Jiyva.
 20899 | Lair:4   | Found a staircase to the Slime Pits.
 20940 | Lair:4   | Reached XP level 15. HP: 96/96 MP: 20/29
 20993 | Lair:4   | Reached skill level 12 in Fighting
 20993 | Lair:4   | Reached skill level 1 in Armour
 21334 | Lair:5   | Entered Level 5 of the Lair of Beasts
 21937 | Lair:5   | Reached skill level 10 in Maces & Flails
 23538 | Spider:1 | Identified the of Erisoamo
 23538 | Spider:1 | Entered Level 1 of the Spider Nest
 23573 | Spider:1 | Bought a heavily runed robe for 165 gold pieces
 23573 | Spider:1 | Identified the +1 robe of Weumihu {Contam Will+++} (You
                  | bought it in a shop on level 1 of the Spider Nest)
 23573 | Spider:1 | Bought a pair of embroidered boots for 217 gold pieces
 23573 | Spider:1 | Bought a slimy ring mail for 261 gold pieces
 23573 | Spider:1 | Identified the +0 ring mail "Fozoyp" {rC+} (You bought it
                  | in a shop on level 1 of the Spider Nest)
 23690 | Spider:1 | HP: 2/96 [demonic crawler (8)]
 24167 | Spider:1 | Reached skill level 5 in Armour
 24971 | Spider:1 | Reached XP level 16. HP: 77/101 MP: 22/31
 26046 | Spider:2 | Reached skill level 10 in Shields
 26539 | Spider:2 | Noticed Agnes
 26548 | Spider:2 | Killed Agnes
 27582 | Spider:3 | Reached skill level 13 in Fighting
 27961 | Spider:3 | Noticed Mlioglotl
 27993 | Spider:3 | Noticed Donald
 28440 | Spider:4 | Identified the "Codiom"
 28440 | Spider:4 | Entered Level 4 of the Spider Nest
 28467 | Spider:3 | Learned a level 7 spell: Orb of Destruction
 28499 | Spider:3 | Killed Donald
 28658 | Spider:3 | Learned a level 5 spell: Borgnjor's Vile Clutch
 28807 | Spider:4 | Reached skill level 1 in Earth Magic
 28884 | Spider:4 | Reached skill level 1 in Necromancy
 28888 | Spider:4 | Reached XP level 17. HP: 69/109 MP: 18/33
 30847 | Spider:4 | Got a gossamer rune of Zot
 31234 | Spider:2 | Killed Mlioglotl
 31353 | Shoals:1 | Entered Level 1 of the Shoals
 31497 | Shoals:1 | Reached skill level 5 in Earth Magic
 31501 | Shoals:1 | Found a glowing silver altar of Zin.
 31506 | Shoals:1 | Noticed a kraken
 31523 | Shoals:1 | Killed a kraken
 32668 | Shoals:1 | Reached XP level 18. HP: 115/115 MP: 24/34
 32835 | Shoals:2 | Bought a manual of Fighting for 1200 gold pieces
 33495 | Shoals:2 | Reached skill level 10 in Stealth
 34220 | Shoals:2 | Identified the +1 animal skin of the Orcish Mines {rElec
                  | Will+ Dex-3 Stlth+}
 34374 | Shoals:3 | Reached skill level 14 in Fighting
 34681 | Shoals:3 | Noticed Polyphemus
 34693 | Shoals:3 | Killed Polyphemus
 35193 | Shoals:4 | Identified the "Vilisi"
 35193 | Shoals:4 | Entered Level 4 of the Shoals
 35252 | Shoals:4 | Paralysed by an air elemental for 1 turns
 35615 | Shoals:4 | Identified the +2 plate armour of the Hidden Olives
                  | {Rampage Drain +Inv Int-2}
 35667 | Shoals:4 | Found a stormy altar of Qazlal.
 35768 | Shoals:4 | Paralysed by an air elemental for 1 turns
 35773 | Shoals:4 | Paralysed by an air elemental for 1 turns
 35979 | Shoals:4 | Noticed a titan
 35989 | Shoals:4 | Killed a titan
 36272 | Shoals:4 | Reached skill level 15 in Fighting
 36408 | Shoals:4 | Paralysed by an air elemental for 1 turns
 36536 | Shoals:4 | Paralysed by an air elemental for 1 turns
 36577 | Shoals:4 | Identified the +4 broad axe of Edwoamp {pain, rElec rN+++
                  | Str-5 Int-3}
 36579 | Shoals:4 | Identified the +9 rapier of Paamnitt {freeze, Stlth+}
 36581 | Shoals:4 | Got a barnacled rune of Zot
 37774 | D:13     | Noticed Nessos
 37780 | D:13     | Killed Nessos
 38175 | D:13     | Reached XP level 19. HP: 103/124 MP: 34/36
 38361 | D:13     | Found a runed translucent door.
 38523 | D:13     | Identified the staff "Giry" {rC+ Earth}
 38535 | D:13     | Learned a level 6 spell: Bombard
 39169 | D:14     | Found a gate to the Vaults.
 39594 | D:14     | Reached skill level 1 in Evocations
 39694 | D:14     | Found a portal to a secret trove of treasure.
 40056 | D:15     | Entered Level 15 of the Dungeon
 40223 | D:15     | Found a gate leading to a gauntlet.
 40228 | Gauntlet | Entered a Gauntlet
 40228 | Gauntlet | Found a transporter.
 40237 | Gauntlet | Found a transporter.
 40252 | Gauntlet | Found a runed translucent gate.
 40252 | Gauntlet | Found a runed translucent gate.
 40252 | Gauntlet | Found a runed translucent gate.
 40254 | Gauntlet | Found a transporter.
 40258 | Gauntlet | Found a transporter.
 40273 | Gauntlet | Found a transporter.
 40296 | Gauntlet | Found a transporter.
 40310 | Gauntlet | Found a transporter.
 40314 | Gauntlet | Found a transporter.
 40315 | Gauntlet | Found a transporter.
 40318 | Gauntlet | Found a transporter.
 40319 | Gauntlet | Found a transporter.
 40334 | Gauntlet | Found a transporter.
 40473 | Gauntlet | Identified the +1 pair of gloves of Fortitude {rPois Regen+
                  | MP-9 Dex-5}
 40599 | Gauntlet | Identified the ring "Iptacenn" {rF+ MP+9 Str+2}
 40641 | Gauntlet | Found the +6 lightning scales {swift, rElec}
 40667 | Gauntlet | Identified the ring "Coakaas" {Wiz +Blink Str+5 Dex-5
                  | Slay+4}
 40865 | D:15     | Reached skill level 5 in Necromancy
 40880 | D:15     | Found a staircase to the Depths.
 41766 | Vaults:5 | Identified the "Kahos"
 41766 | Depths:1 | Identified the "Ymnemubo"
 41766 | Depths:1 | Entered Level 1 of the Depths
 41963 | Depths:1 | Noticed a tentacled monstrosity
 41963 | Depths:1 | Found the +8 Vampire's Tooth {megavamp}
 41963 | Depths:1 | Found the +6 arbalest "Damnation" {damnation}
 41981 | Depths:1 | Killed a tentacled monstrosity
 42087 | Depths:1 | Found a one-way gate to the infinite horrors of the Abyss.
 42285 | Depths:1 | Found a runed translucent door.
 42544 | Depths:1 | Found a gateway to Hell.
 43235 | Depths:1 | Identified the amulet "Jeimnyaca" {Acrobat rN+}
 43341 | Depths:2 | Reached skill level 10 in Earth Magic
 43408 | Depths:2 | Noticed a caustic shrike
 43408 | Depths:2 | Noticed a caustic shrike
 43414 | Depths:2 | Noticed a caustic shrike
 43491 | Depths:2 | Reached skill level 15 in Conjurations
 43501 | Depths:2 | Reached XP level 20. HP: 122/131 MP: 22/37
 43521 | Depths:2 | Killed a caustic shrike
 43524 | Depths:2 | Killed a caustic shrike
 43531 | Depths:2 | Killed a caustic shrike
 43735 | Depths:2 | Found a one-way gate leading to the halls of Pandemonium.
 43867 | Depths:2 | Found a one-way gateway to a ziggurat.
 44280 | Depths:3 | Noticed a golden dragon
 44287 | Depths:3 | Reached skill level 15 in Shields
 44288 | Depths:3 | Killed a golden dragon
 44358 | Depths:3 | Reached skill level 10 in Armour
 44778 | Depths:3 | Noticed Grunn
 44780 | Depths:3 | Noticed a doom hound
 44780 | Depths:3 | Noticed a doom hound
 44787 | Depths:3 | Killed a doom hound
 44787 | Depths:3 | Killed a doom hound
 44791 | Depths:3 | Killed Grunn
 45020 | Depths:3 | Noticed Norris
 45050 | Depths:3 | Killed Norris
 45352 | Depths:3 | Noticed a golden dragon
 45360 | Depths:3 | Killed a golden dragon
 45534 | Depths:3 | Reached XP level 21. HP: 80/136 MP: 29/38
 45768 | Depths:3 | Noticed a royal mummy
 45778 | Depths:3 | Killed a royal mummy
 45854 | Depths:3 | Noticed a royal mummy
 45872 | Depths:3 | Killed a royal mummy
 45927 | Depths:3 | Noticed a royal mummy
 45927 | Depths:3 | Found the +7 sceptre of Torment {pain, torment}
 45941 | Depths:3 | Killed a royal mummy
 46144 | Depths:4 | Entered Level 4 of the Depths
 46470 | Depths:4 | Noticed a bone dragon
 46593 | Depths:3 | Killed a bone dragon
 46683 | Depths:4 | Found a gate to the Realm of Zot.
 46685 | Depths:4 | Noticed a golden dragon
 46720 | Depths:4 | Killed a golden dragon
 46729 | Depths:4 | Reached skill level 16 in Fighting
 47325 | Depths:4 | Found a glowing golden altar of the Shining One.
 47325 | Depths:4 | Found a glowing silver altar of Zin.
 47325 | Depths:4 | Found a white marble altar of Elyvilon.
 47353 | Depths:4 | Found a sacrificial altar of Ru.
 47678 | Vaults:1 | Entered Level 1 of the Vaults
 48365 | Vaults:1 | Identified the +8 great sword of Xaudeuti {flame, Dex+4
                  | SInv}
 48413 | Vaults:1 | Reached skill level 17 in Fighting
 49703 | Vaults:2 | Reached XP level 22. HP: 136/145 MP: 35/40
 49782 | Vaults:2 | Identified a scroll of acquirement
 49788 | Vaults:2 | Acquired the +1 cloak of Starlight {*Dazzle EV+4 Stlth--}
 49788 | Vaults:2 | Found the +1 cloak of Starlight {*Dazzle EV+4 Stlth--}
 49946 | Vaults:2 | Found a staircase to the Crypt.
 50324 | Vaults:3 | Reached skill level 5 in Dodging
 50498 | Vaults:3 | Reached skill level 18 in Fighting
 51555 | Vaults:4 | Noticed Saint Roka
 51586 | Vaults:4 | Killed Saint Roka
 51648 | Vaults:4 | Reached skill level 15 in Spellcasting
 51679 | Vaults:4 | Found a flickering gateway to a bazaar.
 51687 | Vaults:4 | Found Nearr's General Store.
 51756 | Bazaar   | Entered a bazaar
 51756 | Bazaar   | Found Doownen's Antique Weapon Shop.
 51756 | Bazaar   | Found Iciodax's Antique Armour Shop.
 51790 | Bazaar   | Bought a heavily runed leather armour for 168 gold pieces
 51790 | Bazaar   | Identified the +0 leather armour "Oqai" {Int+2 Stlth+} (You
                  | bought it in a shop in a bazaar)
 51808 | Bazaar   | Found Wineuff's Distillery.
 51854 | Bazaar   | Bought a potion of heal wounds for 90 gold pieces
 51854 | Bazaar   | Bought a potion of brilliance for 72 gold pieces
 51854 | Bazaar   | Bought a potion of enlightenment for 90 gold pieces
 51909 | Vaults:4 | Bought a scroll of fear for 52 gold pieces
 51909 | Vaults:4 | Bought 2 scrolls of blinking for 195 gold pieces
 52299 | Vaults:4 | Identified the +2 sling of the Ghost {drain, rC+}
 52300 | Vaults:4 | Identified the +2 pair of boots of Apathy {Str+8}
 52322 | Vaults:4 | Learned a level 4 spell: Animate Armour
 52330 | Vaults:4 | Identified the amulet "Vedim" {Acrobat Stlth+}
 52332 | Vaults:4 | Identified the ring of Mihiw {rPois Dex+6}
 52496 | Vaults:4 | Noticed Jory
 52513 | Vaults:4 | Killed Jory
 52582 | Vaults:4 | Noticed Mennas
 52594 | Vaults:4 | Reached skill level 19 in Fighting
 52695 | Vaults:4 | Killed Mennas
 52918 | Vaults:4 | Reached XP level 23. HP: 155/155 MP: 42/42
 53342 | Vaults:5 | Entered Level 5 of the Vaults
 53364 | Vaults:5 | Noticed a dread lich
 53380 | Vaults:5 | Noticed an ancient lich
 53638 | Elf:1    | Entered Level 1 of the Elven Halls
 53779 | Elf:1    | Reached skill level 5 in Fire Magic
 53833 | Elf:1    | Found Wahiviaq's Firing Range.
 54158 | Elf:1    | Reached skill level 15 in Maces & Flails
 54211 | Elf:1    | Found Jailyix's Assorted Antiques.
 54216 | Elf:1    | Found Quxyel's Distillery.
 54253 | Elf:1    | Bought an ebony dagger for 203 gold pieces
 54253 | Elf:1    | Identified the +3 dagger of Painful Death {holy, Will+
                  | rCorr} (You bought it in a shop on level 1 of the Elven
                  | Halls)
 54253 | Elf:1    | Bought a scroll of enchant armour for 217 gold pieces
 54343 | Elf:1    | Identified the +1 robe of Byneoch {rN+++ Regen+ Int-2
                  | Stlth- Archmagi}
 54414 | Elf:1    | Found a radiant altar of Vehumet.
 54667 | Elf:1    | Paralysed by an air elemental for 1 turns
 54831 | Elf:2    | Found a runed translucent gate.
 54834 | Elf:2    | Found a runed translucent gate.
 54835 | Elf:2    | Found a runed translucent gate.
 54950 | Elf:2    | Found Hiubulu's Gadget Gallery.
 55738 | Elf:3    | Identified the "Wopimune"
 55738 | Elf:3    | Identified the "Qecips"
 55738 | Elf:3    | Entered Level 3 of the Elven Halls
 55832 | Elf:3    | Reached XP level 24. HP: 162/162 MP: 43/43
 55909 | Elf:3    | Reached skill level 20 in Fighting
 55918 | Elf:3    | Paralysed by an air elemental for 1 turns
 56214 | Abyss:2  | Cast into level 2 of the Abyss (a deep elf sorcerer)
 56299 | Abyss:2  | Found a corrupted altar of Lugonu.
 56744 | Elf:3    | Escaped the Abyss
 56744 | Elf:3    | Identified the +11 scimitar "Xomn" {heavy, rPois Dex+3}
 56753 | Elf:3    | Reached skill level 1 in Summonings
 57190 | Elf:3    | Identified the ring of the Jumping Oracle {rC+ MP+9 Int-5
                  | Stlth+}
 57667 | Elf:3    | Identified the +1 sling "Conservator" {freeze, rPois Int+6
                  | Dex-4 Stlth+}
 57720 | Elf:3    | Identified the +5 arbalest "Grim Tooth" {freeze, rCorr MP+9
                  | Stlth-}
 57722 | Elf:3    | Identified the +1 helmet of Gicieph {Slay+2}
 57731 | Elf:3    | Identified the +7 triple crossbow "Jellybane" {freeze,
                  | rPois Str-2 SInv}
 58205 | Vaults:4 | Killed a dread lich
 58264 | Vaults:4 | Killed an ancient lich
 58427 | Vaults:5 | Identified the +8 glaive "Honkairu" {elec, Int+4 Dex-3}
 58427 | Vaults:5 | Identified the ring "Balikheci" {Str+6 Dex+6}
 58653 | Vaults:5 | Identified the +5 long sword of the Shining Light {elec,
                  | Str+2}
 58815 | Vaults:5 | Noticed an ancient lich
 58830 | Vaults:5 | Killed an ancient lich
 58831 | Vaults:5 | Reached skill level 10 in Dodging
 58846 | Vaults:5 | Reached XP level 25. HP: 154/169 MP: 35/44
 58872 | Vaults:5 | Reached skill level 5 in Summonings
 58884 | Vaults:5 | Identified the +0 leather armour of Pyokerghy {rPois rC++}
 59148 | Vaults:5 | Identified the staff of Evil {rPois SInv Poison}
 59154 | Vaults:5 | Found Keloidus's Distillery.
 59161 | Vaults:5 | Bought a potion of heal wounds for 95 gold pieces
 59161 | Vaults:5 | Bought a potion of heal wounds for 95 gold pieces
 59161 | Vaults:5 | Bought 2 potions of heal wounds for 190 gold pieces
 59400 | Vaults:5 | Got a silver rune of Zot
 59410 | Vaults:5 | Identified the +0 pair of boots of Dishonour {rCorr Str+2
                  | Slay+2}
 60030 | Zot:1    | Entered Level 1 of the Realm of Zot
 60031 | Zot:1    | Found a burning altar of Makhleb.
 60060 | Zot:1    | Learned a level 7 spell: Spellforged Servitor
 60089 | Zot:1    | You are sucked into a shaft and drop 1 floor!
 60176 | Zot:2    | Noticed a dread lich
 60184 | Zot:2    | Killed a dread lich
 60185 | Zot:2    | Reached skill level 10 in Fire Magic
 60790 | Zot:2    | Learned a level 6 spell: Starburst
 60860 | Zot:2    | Bought the +7 fire dragon scales of Qadetow {rPois rF++ rC-
                  | Int+4 Dex-4 Slay+5} for 1892 gold pieces
 62262 | Zot:3    | Found a huge runed gate.
 62262 | Zot:3    | Found a huge runed gate.
 62262 | Zot:3    | Found a huge runed gate.
 62262 | Zot:3    | Found a huge runed gate.
 62264 | Zot:3    | Found a huge runed gate.
 62264 | Zot:3    | Found a huge runed gate.
 62265 | Zot:3    | Found a huge runed gate.
 62266 | Zot:3    | Found a huge runed gate.
 62266 | Zot:3    | Found a huge runed gate.
 62266 | Zot:3    | Found a huge runed gate.
 62273 | Zot:3    | Found a huge runed gate.
 62273 | Zot:3    | Found a huge runed gate.
 62273 | Zot:3    | Found a huge runed gate.
 62273 | Zot:3    | Found a huge runed gate.
 62273 | Zot:3    | Found a huge runed gate.
 62274 | Zot:3    | Found a huge runed gate.
 62275 | Zot:3    | Found a huge runed gate.
 62276 | Zot:3    | Found a huge runed gate.
 62277 | Zot:3    | Found a huge runed gate.
 62294 | Zot:3    | Found a huge runed gate.
 62294 | Zot:3    | Found a huge runed gate.
 62294 | Zot:3    | Found a huge runed gate.
 62294 | Zot:3    | Found a huge runed gate.
 62294 | Zot:3    | Found a huge runed gate.
 62294 | Zot:3    | Found a huge runed gate.
 62295 | Zot:3    | Found a huge runed gate.
 62296 | Zot:3    | Found a huge runed gate.
 62297 | Zot:3    | Found a huge runed gate.
 62475 | Zot:3    | Found a huge runed gate.
 62475 | Zot:3    | Found a huge runed gate.
 62475 | Zot:3    | Found a huge runed gate.
 62475 | Zot:3    | Found a huge runed gate.
 62475 | Zot:3    | Found a huge runed gate.
 62475 | Zot:3    | Found a huge runed gate.
 62476 | Zot:3    | Found a huge runed gate.
 62477 | Zot:3    | Found a huge runed gate.
 62948 | Zot:3    | Noticed a Killer Klown
 62948 | Zot:3    | Noticed an orb of fire
 62948 | Zot:3    | Noticed a dread lich
 62948 | Zot:3    | Noticed a Killer Klown
 62948 | Zot:3    | Noticed an orb of fire
 62962 | Zot:3    | Gained mutation: You are frail. (-10% HP) [an orb of fire]
 62977 | Zot:3    | HP: 3/153 [orb of fire/fireball (6)]
 62982 | Zot:3    | Killed an orb of fire
 63018 | Zot:3    | Killed a dread lich
 63020 | Zot:3    | Gained mutation: Your magical capacity is low. (-10% MP)
                  | [an orb of fire]
 63021 | Zot:3    | Gained mutation: You are very frail. (-20% HP) [an orb of
                  | fire]
 63023 | Zot:3    | Killed an orb of fire
 63025 | Zot:3    | Killed a Killer Klown
 63028 | Zot:3    | Killed a Killer Klown
 63342 | Zot:3    | Identified the amulet "Tubo" {Acrobat rPois Dex+5}
 63425 | Zot:3    | Reached skill level 21 in Fighting
 63528 | Zot:4    | Reached XP level 26. HP: 121/141 MP: 19/40
 63531 | Zot:4    | Noticed an orb of fire
 63575 | Zot:4    | Gained mutation: You occasionally shout uncontrollably at
                  | your foes. [an orb of fire]
 63576 | Zot:4    | Gained mutation: Your magical capacity is very low. (-20%
                  | MP) [an orb of fire]
 63576 | Zot:4    | Gained mutation: You frequently scream uncontrollably at
                  | your foes. [an orb of fire]
 63581 | Zot:4    | Gained mutation: Your body sometimes deteriorates upon
                  | taking damage. [an orb of fire]
 63589 | Zot:3    | Gained mutation: You are weak. (Str -2) [an orb of fire]
 63597 | Zot:3    | Gained mutation: Armour fits poorly on your strangely
                  | shaped body. [an orb of fire]
 63602 | Zot:3    | Gained mutation: You occasionally lose the ability to read
                  | scrolls when taking damage. [an orb of fire]
 63603 | Zot:3    | Gained mutation: Your body often deteriorates upon taking
                  | damage. [an orb of fire]
 63604 | Zot:3    | Killed an orb of fire
 63756 | Zot:3    | Lost mutation: Armour fits poorly on your strangely shaped
                  | body. [potion of mutation]
 63756 | Zot:3    | Lost mutation: You occasionally lose the ability to read
                  | scrolls when taking damage. [potion of mutation]
 63756 | Zot:3    | Lost mutation: Your magical capacity is very low. (-20% MP)
                  | [potion of mutation]
 63756 | Zot:3    | Lost mutation: You are weak. (Str -2) [potion of mutation]
 63756 | Zot:3    | Gained mutation: You have supernaturally acute eyesight.
                  | (SInv) [potion of mutation]
 63757 | Zot:3    | Lost mutation: You have supernaturally acute eyesight.
                  | (SInv) [potion of mutation]
 63757 | Zot:3    | Lost mutation: Your body often deteriorates upon taking
                  | damage. [potion of mutation]
 63757 | Zot:3    | Gained mutation: Your body often deteriorates upon taking
                  | damage. [potion of mutation]
 63757 | Zot:3    | Gained mutation: You are somewhat resistant to further
                  | mutation. [potion of mutation]
 65854 | Zot:5    | Entered Level 5 of the Realm of Zot
 66114 | Zot:5    | Identified the amulet "Imivoratai" {Spirit Rampage rPois}
 66290 | Zot:5    | HP: 1/141 [green draconian monk[a white draconian
                  | stormcaller] (12)]
 66293 | Zot:5    | Slain by a green draconian monk

Illustrated notes

Levels and vault maps discovered:
D:1:      ebering_hopf_link, layout_loops_ring, chequers_serial_rivers_small_a,
          amcnicky_mini_pool_small
D:2:      layout_loops_corners, uniq_sigmund, uniq_terence
D:3:      layout_basic, ebering_ghost_rock_garden
D:4:      layout_cave_pools, minmay_temple_entry_wispy, uniq_pikel
D:5:      layout_gridville, kennysheep_cluttered_room, minivault_23
D:6:      layout_rooms, nicolae_overflow_hidden_temple, serial_shops, shop,
          minmay_misc_feat_tiny
D:7:      nzn_winding_woodlands_stair_cross
          [nzn_winding_woodlands_5x15_sawtooth,
          nzn_winding_woodlands_center_garden, nzn_winding_woodlands_5x15_pool,
          nzn_winding_woodlands_5x5_cross, nzn_winding_woodlands_5x5_three,
          nzn_winding_woodlands_5x15_jagged,
          nzn_winding_woodlands_center_pierced_h,
          nzn_winding_woodlands_5x15_concentric], layout_basic,
          elyvilon_altar_5, nicolae_ossuary_entry_false_entrances
D:8:      layout_loops_ring, nicolae_overflow_two_pavilions, uniq_erica
D:9:      layout_loops_ring, mainiacjoe_overflow_small_starburst,
          grunt_lair_entry_orc_guard_hut, the_hattery, uniq_maggie, uniq_psyche
D:10:     layout_loops_ring, nicolae_stop_n_shop_1
D:11:     layout_loops_cross, david_orc_4
D:12:     layout_gridville
D:13:     layout_roguey, chequers_serial_rivers_large_b, minmay_st_funbox,
          uniq_nessos
D:14:     layout_irregular_city, hellmonk_vaults_keyhole, enter_trove_0,
          kennysheep_another_room
D:15:     grunt_enter_depths_magical_seal, layout_loops_corners,
          gauntlet_entry_generic, nicolae_twisting_strands
Temple:   bh_familiar_temple
Lair:1:   layout_loops_ring, gammafunk_ghost_icy, uniq_amaemon, uniq_gastronok
Lair:2:   layout_chaotic_city, grunt_megastairs_4, lemuel_fruit_fields
Lair:3:   layout_gridlike, elwin_shoals_entry_stream,
          nicolae_spider_entry_orb_guardian, uniq_josephine
Lair:4:   layout_regular_city, slime_entry_1
Lair:5:   guppyfry_lair_end_dragon, layout_loops_ring, hangedman_lair_in_review,
          nicolae_lair_lindhole, serial_bayou_shore_a
Shoals:1: layout_shoals, wheals_shoals_ruined_temple
Shoals:2: argonaut_golden_fleece, layout_shoals,
          nicolae_shoals_lost_giant_amphitheater
Shoals:3: layout_shoals, uniq_polyphemus
Shoals:4: shoals_end_hellmonk_storm_palace [storm_palace_center_square,
          storm_palace_corner_altar, storm_palace_corner_grid,
          storm_palace_corner_reverse_hut, storm_palace_corner_grid],
          serial_shops
Spider:1: layout_cave_pods
Spider:2: nicolae_spider_hilbert_zone_7 [nicolae_spider_hilbert_4_sides_1_open,
          nicolae_spider_hilbert_4_sides_1_open,
          nicolae_spider_hilbert_4_sides_1_open,
          nicolae_spider_hilbert_4_sides_1_open,
          nicolae_spider_hilbert_3_sides_1_open,
          nicolae_spider_hilbert_3_sides_1_open,
          nicolae_spider_hilbert_3_sides_1_open,
          nicolae_spider_hilbert_3_sides_1_open,
          nicolae_spider_hilbert_4_sides_1_open,
          nicolae_spider_hilbert_4_sides_1_open,
          nicolae_spider_hilbert_4_sides_1_open,
          nicolae_spider_hilbert_2_sides_1_open,
          nicolae_spider_hilbert_2_sides_1_open,
          nicolae_spider_hilbert_2_sides_1_open,
          nicolae_spider_hilbert_2_sides_1_open,
          nicolae_spider_hilbert_2_sides_1_open,
          nicolae_spider_hilbert_2_sides_1_open], uniq_agnes
Spider:3: layout_spider_delve, uniq_donald, uniq_mlioglotl
Spider:4: hellmonk_spider_rune_endless_swarm, guppyfry_spider_mini_2
Orc:1:    dreamdust_wu_jian_sword_trials, layout_diamond_mine, serial_shops,
          nicolae_shop_statue_plus, basic_altar
Orc:2:    st_orc_open, layout_diamond_mine, uniq_sonja, uniq_azrael
Elf:1:    eino_elf_arrival_the_gate, layout_geoelf_diagonals, basic_altar,
          hangedman_elven_crosses_minicolossus, nicolae_shop_firing_range,
          minmay_shoptagon, lemuel_upstairs_altar
Elf:2:    elven_hall_of_blades_hangedman_original
          [nicolae_blade_entry_antechamber], layout_geoelf_diagonals,
          nicolae_shop_gadgets
Elf:3:    minmay_elf_hall_spiked, layout_loops_cross,
          nicolae_elf_glassroom_feature
Vaults:1: vaults_mumra_lcd, v_misc_29, ontoclasm_vaults_shuriken,
          nicolae_vaults_closet_pinwheel_5, nicolae_vaults_ring_of_whatevers,
          nicolae_vaults_stepped_doors, nicolae_vaults_cornered_office,
          nicolae_vaults_diagonal_hallway_9, nicolae_vaults_crenellated_ambush,
          nicolae_vaults_mini_display_case, vaults_room_stairs_pillars,
          layout_vaults_omnigrid
Vaults:2: minmay_crypt_entry_vampire_xt, vaults_room_semicircle,
          nicolae_vaults_little_squares_6, nicolae_vaults_trapezoid_lopsided_1,
          nicolae_vaults_diamond_2, ontoclasm_vaults_pinch,
          nicolae_vaults_closet_pinwheel_4, nicolae_vaults_trapezoid_lopsided_3,
          v_misc_23, nicolae_vaults_little_ls, v_rooms_3, v_misc_18,
          vaults_dpeg_hooks, layout_vaults_ring
Vaults:3: vaults_room_large_hall, v_misc_32, nicolae_vaults_steering_wheel,
          nicolae_vaults_murderbox, hangedman_vaults_restitches,
          hangedman_vaults_cutoff, v_misc_3, nicolae_vaults_storage_closets_1,
          nicolae_vaults_ring_of_whatevers, layout_vaults_big_room
Vaults:4: nicolae_vaults_tetromino_Z_1, hangedman_vaults_unwind,
          nicolae_vaults_closet_pinwheel_4, nicolae_vaults_trapezoid_lopsided_3,
          nicolae_vaults_network_s, vaults_room_fours, hangedman_vaults_snaps,
          nicolae_vaults_storing_the_good_stuff, v_misc_24,
          ontoclasm_vaults_loading_screen, nicolae_vaults_trapezoid_4,
          v_misc_18, nicolae_vaults_cochlea, vaults_room_door_ring,
          nicolae_vaults_double_plus_1, ontoclasm_vaults_twist,
          layout_vaults_omnicross, serial_shops, bzr_entry_gold,
          nicolae_shop_just_a_little_nook, uniq_mennas, uniq_saint_roka,
          uniq_jory
Vaults:5
Depths:1: minmay_the_grid_triangle_9x9_recursive_2
          [minmay_the_grid_triangle_9x9_prize_insulated,
          minmay_the_grid_triangle_9x9_empty,
          minmay_the_grid_triangle_9x9_flanged_cone,
          minmay_the_grid_triangle_9x9_corruption], layout_gridlike,
          grunt_decor_junction, abyss_entry, serial_curves, eino_curves_03,
          eino_curves_01, hell_entry, minmay_crystal_box
Depths:2: tekkud_shrikecote, layout_basic, enter_ziggurat_c, hell_entry,
          serial_bayou_shore_b, rand_demon_pan_entry_5
Depths:3: minmay_guarded_unrand_sceptre_of_torment, layout_gridlike,
          minmay_splitting_lines, abyss_entry, hell_entry, grunt_megastairs_3,
          minmay_staircase_bubble, uniq_norris, uniq_grunn
Depths:4: grunt_zot_entry_bicorn, layout_gridville, hell_entry,
          good_gods_mini_temple, nicolae_ru_the_path_less_chosen
Zot:1:    layout_gridlike, regret_index_zotdec_demonic_mixed, hellmonk_body_bag,
          uniq_josephina
Zot:2:    hangedman_snap_crack_crunch, layout_onion
Zot:3:    layout_gridlike, door_vault
Zot:4:    lemuel_acid_trip, layout_onion_interference
Zot:5:    layout_gridlike, kennysheep_underground_church

Skill      XL: |  1  2  3  4  5  6  7  8  9 10 11 12 13 14 15 16 17 18 19 20 21 22 23 24 25 26 |
---------------+-------------------------------------------------------------------------------+-----
Fighting       | 1 2 3 4 5 6 7 8 9 10 11 12 13 15 17 19 20 21 | 21.5
Stealth        | 3 4 5 6 7 9 10 | 10.3
Spellcasting   | 3 4 5 6 7 8 9 10 11 12 13 14 15 16 17 18 | 18.2
Conjurations   | 1 2 4 6 7 8 9 10 11 12 13 14 15 16 17 18 | 18.0
Poison Magic   | 4 5 6 7 8 |  8.0
Air Magic      | 1 2 3 4 5 |  5.8
Transmutations | 1 |  1.7
Fire Magic     | 1 2 3 6 9 10 11 | 11.8
Shields        | 2 4 6 8 9 11 12 13 14 15 16 | 16.1
Maces & Flails | 2 4 5 7 8 9 10 11 12 13 14 15 16 | 16.0
Ice Magic      | 3 5 6 8 |  8.2
Armour         | 5 7 8 11 12 13 | 13.7
Earth Magic    | 1 6 8 10 | 10.7
Necromancy     | 1 2 4 6 8 |  8.4
Evocations     | 1 |  1.7
Dodging        | 4 7 8 10 | 10.4
Summonings     | 4 7 8 |  8.4

Action                     |  1- 3 |  4- 6 |  7- 9 | 10-12 | 13-15 | 16-18 | 19-21 | 22-24 | 25-27 || total
---------------------------+-------+-------+-------+-------+-------+-------+-------+-------+-------++-------
  Melee: Unarmed           |    14 |       |       |       |       |       |       |       |       ||    14
         Short sword       |    67 |   113 |    28 |       |       |       |       |       |       ||   208
         Punch             |     1 |       |     8 |     3 |     9 |       |       |       |       ||    21
         Whip              |       |       |   242 |   218 |       |       |       |       |       ||   460
         Morningstar       |       |       |    21 |   106 |   607 |   100 |    18 |       |       ||   852
         Demon whip        |       |       |       |    48 |    97 |  1548 |  1094 |  1085 |       ||  3872
         Eveningstar       |       |       |       |       |       |       |       |   168 |   755 ||   923
   Fire: Arbalest          |       |       |       |       |       |       |     9 |       |       ||     9
   Cast: Sting             |    64 |    54 |    13 |     6 |       |       |       |       |       ||   137
         Mephitic Cloud    |       |     5 |    10 |    20 |    20 |     6 |     4 |     2 |       ||    67
         Olgreb's Toxic Ra |       |     4 |    19 |    51 |   102 |    94 |    74 |    74 |    35 ||   453
         Ignite Poison     |       |       |    12 |    49 |    87 |   172 |    90 |    71 |    19 ||   500
         Freezing Cloud    |       |       |       |     1 |    13 |    29 |    38 |    11 |    11 ||   103
         Borgnjor's Vile C |       |       |       |       |       |     5 |    56 |    18 |    10 ||    89
         Bombard           |       |       |       |       |       |       |    93 |    44 |       ||   137
         Orb of Destructio |       |       |       |       |       |       |     6 |    11 |       ||    17
         Animate Armour    |       |       |       |       |       |       |       |     4 |     2 ||     6
         Starburst         |       |       |       |       |       |       |       |       |     6 ||     6
         Spellforged Servi |       |       |       |       |       |       |       |       |     2 ||     2
 Invoke: Call Merchant     |       |       |       |     1 |     3 |     1 |     3 |     1 |     1 ||    10
         Potion Petition   |       |       |       |       |     1 |       |     1 |       |     1 ||     3
  Evoke: Wand              |       |       |       |     5 |     3 |     1 |     3 |     2 |     5 ||    19
         Tin of tremorston |       |       |       |       |       |       |     3 |       |     1 ||     4
         Phantom mirror    |       |       |       |       |       |       |     1 |     1 |       ||     2
         Phial of floods   |       |       |       |       |       |       |     1 |       |       ||     1
    Use: Scroll            |     1 |     7 |     4 |    10 |    10 |    13 |     3 |    10 |     2 ||    60
         Potion            |       |       |       |     3 |     4 |     2 |     5 |     5 |    11 ||    30
   Stab: Confused          |       |     5 |     4 |     3 |     1 |       |       |       |       ||    13
         Sleeping          |       |     2 |    11 |     5 |     4 |    24 |     5 |       |       ||    51
         Distracted        |       |       |     2 |       |     1 |    15 |     9 |     9 |     3 ||    39
         Invisible         |       |       |       |       |       |     2 |     1 |    11 |     9 ||    23
 Armour: Robe              |    50 |    19 |       |       |       |       |       |       |       ||    69
         Leather armour    |       |    56 |   182 |   115 |       |   479 |    65 |       |       ||   897
         Acid dragon scale |       |       |       |   115 |   773 |   638 |       |       |       ||  1526
         Chain mail        |       |       |       |       |       |       |   715 |   585 |   355 ||  1655
         Fire dragon scale |       |       |       |       |       |       |       |       |   416 ||   416
  Dodge: Dodged            |    83 |    79 |   232 |   313 |   732 |   832 |   411 |   493 |   602 ||  3777
  Block: Kite shield       |       |       |       |       |       |  1144 |   662 |   579 |   545 ||  2930
         Reflection        |       |       |       |       |       |    25 |     7 |    61 |     4 ||    97

Table legend: (Time is in decaauts)
 A = Elapsed time spent in this place.
 B = Non-inter-level travel time spent in this place.
 C = Inter-level travel time spent in this place.
 D = Time resting spent in this place.
 E = Time spent auto-exploring this place.
 F = Levels seen in this place.
 G = Mean time per level.
                   A        B        C        D        E       F      G
               +--------+--------+--------+--------+--------+-----+--------+
         Total |  64679 |  60277 |   4402 |   6574 |  37839 |  53 | 1220.4 |
       Dungeon |  18180 |  16143 |   2037 |    911 |  11914 |  15 | 1212.0 |
        Temple |     75 |     10 |     65 |      0 |      0 |   1 |   75.0 |
          Lair |   7248 |   6635 |    613 |    748 |   4341 |   5 | 1449.6 |
        Shoals |   5114 |   4917 |    197 |    228 |   3030 |   4 | 1278.5 |
   Spider Nest |   7135 |   6778 |    357 |   1008 |   3947 |   4 | 1783.8 |
  Orcish Mines |   2633 |   2402 |    231 |    408 |   1376 |   2 | 1316.5 |
   Elven Halls |   3621 |   3382 |    239 |    189 |   2316 |   3 | 1207.0 |
        Vaults |   6976 |   6679 |    297 |    393 |   4397 |   5 | 1395.2 |
        Depths |   5629 |   5351 |    278 |    910 |   2815 |   4 | 1407.2 |
           Zot |   6142 |   6058 |     84 |   1657 |   2989 |   5 | 1228.4 |
         Abyss |    469 |    469 |      0 |      0 |    152 |   2 |  234.5 |
        Bazaar |    144 |    144 |      0 |      0 |     76 |   1 |  144.0 |
       Ossuary |    812 |    812 |      0 |     49 |    431 |   1 |  812.0 |
      Gauntlet |    494 |    494 |      0 |     71 |     54 |   1 |  494.0 |
               +--------+--------+--------+--------+--------+-----+--------+

Top non-repeatable levels by time:
   Zot:3: 2879 daAuts
Spider:4: 2348 daAuts
  Lair:5: 2141 daAuts
Spider:2: 2044 daAuts
Spider:1: 1958 daAuts
Depths:3: 1950 daAuts
Vaults:4: 1850 daAuts
     D:3: 1820 daAuts
   Zot:2: 1761 daAuts
     D:7: 1683 daAuts
     D:9: 1644 daAuts
  Lair:1: 1617 daAuts
   Elf:3: 1524 daAuts
Depths:1: 1480 daAuts
     D:2: 1447 daAuts
